 Dungeon Crawl Stone Soup version 0.28.0-45-g0d030f2227 (webtiles) character file.

Game seed: 6318849690222879016

11003 raph the Carver (level 11, -5/94 HPs)
             Began as a Minotaur Fighter on May 7, 2022.
             Was a High Priest of Kikubaaqudgha.
             Slain by a 16-headed hydra (10 damage)
             ... on level 3 of the Lair of Beasts.
             The game lasted 00:15:12 (12644 turns).

raph the Carver (Minotaur Fighter)                 Turns: 12644, Time: 00:15:13

Health: -5/94      AC: 11    Str: 23    XL:     11   Next: 43%
Magic:  15/15      EV: 18    Int:  8    God:    Kikubaaqudgha [*****.]
Gold:   212        SH:  6    Dex: 14    Spells: 7/17 levels left

rFire   + . .      SeeInvis .   q - +6 long sword "Peytoogy" {spect, Fragile rF+ Will+++ Int+3}
rCold   . . .      Faith    .   c - +1 buckler
rNeg    + . .      Spirit   .   E - +0 steam dragon scales
rPois   .          Reflect  .   (helmet restricted)
rElec   .          Harm     .   s - +1 cloak
rCorr   .          Rampage  .   p - +1 pair of gloves
Will    +++..                   (no boots)
Stlth   +.........              (no amulet)
HPRegen 0.25/turn               z - +4 ring of evasion
MPRegen 0.14/turn               O - ring of Iheujat {rN+ Str+2}

@: no status effects
A: horns 2, retaliatory headbutt
a: Renounce Religion, Receive Corpses, Torment


You were on level 3 of the Lair of Beasts.
You worshipped Kikubaaqudgha.
Kikubaaqudgha was extremely pleased with you.
You visited 3 branches of the dungeon, and saw 13 of its levels.

You collected 458 gold pieces.
You spent 246 gold pieces at shops.

Inventory:

Hand Weapons
 a - a +0 long sword
 f - a +1 spectral scimitar
 q - the +6 long sword "Peytoogy" (weapon) {spect, Fragile rF+ Will+++ Int+3}
   (You found it on level 4 of the Dungeon)

   When its wielder attacks, the weapon's spirit leaps out and strikes again.
   The spirit shares a part of any damage it takes with its wielder.
   Int:       It affects your intelligence (+3).
   rF:        It protects you from fire.
   Fragile:   It will be destroyed if unequipped.
   Will:      It greatly increases your willpower.
 G - a +0 great sword
 L - a +3 scimitar of freezing
 M - a +4 great sword
Missiles
 F - 7 poisoned darts (quivered)
 J - 2 silver boomerangs
Armour
 b - a +0 scale mail
 c - a +1 buckler (worn)
 k - a scarf of invisibility
 m - a +0 chain mail
 p - a +1 pair of gloves (worn)
 s - a +1 cloak (worn)
 E - +0 steam dragon scales (worn)
Jewellery
 j - a ring of wizardry
 u - a ring of ice
 v - a ring of fire
 w - a ring of resist corrosion
 z - a +4 ring of evasion (left hand)
 N - a ring of protection from cold
 O - the ring of Iheujat (right hand) {rN+ Str+2}
   (You took it off a wight on level 9 of the Dungeon)

   [ring of positive energy]

   Str:       It affects your strength (+2).
   rN:        It protects you from negative energy.
 P - the ring "Deit" {rN+ Str+5 Dex-2}
   (You took it off a wight on level 9 of the Dungeon)

   [ring of positive energy]

   Str:       It affects your strength (+5).
   Dex:       It affects your dexterity (-2).
   rN:        It protects you from negative energy.
 T - a +6 ring of intelligence
Wands
 o - a wand of digging (7)
 t - a wand of charming (3)
 x - a wand of acid (12)
 y - a wand of flame (19)
 D - a wand of mindburst (19)
 R - a wand of paralysis (6)
 W - a wand of polymorph (6)
Scrolls
 l - 4 scrolls of teleportation
 A - 2 scrolls of amnesia
 B - 2 scrolls of fog
 K - a scroll of magic mapping
 S - a scroll of fear
 U - a scroll of blinking
 X - a scroll of identify
Potions
 d - a potion of might
 e - 3 potions of haste
 g - 4 potions of mutation
 h - 2 potions of cancellation
 i - a potion of berserk rage
 n - a potion of lignification {unknown}
 r - a potion of attraction
 C - a potion of brilliance
 H - a potion of flight
 I - a potion of invisibility {unknown}
 V - 9 potions of ambrosia
Miscellaneous
 Q - a tin of tremorstones (2/2)


   Skills:
 + Level 7.8 Fighting
 - Level 14.0 Long Blades
 + Level 7.8 Armour
 + Level 6.2 Dodging
 + Level 5.2 Shields
 + Level 3.8 Spellcasting
 + Level 4.3 Necromancy
 + Level 3.2 Earth Magic


You had 7 spell levels left.
You knew the following spells:

 Your Spells              Type           Power      Damage    Failure   Level
a - Animate Skeleton      Necr           16%        N/A       6%          1
b - Vampiric Draining     Necr           8%         2d6       19%         3
c - Animate Dead          Necr           4%         N/A       54%         4
d - Passwall              Tmut/Erth      3%         N/A       28%         2

Your spell library contained the following spells:

 Spells                   Type           Power      Damage    Failure   Level
 Sublimation of Blood     Necr           8%         N/A       10%         2
 Apportation              Tloc           2%         N/A       36%         1
 Foxfire                  Conj/Fire      4%         2x1d4     36%         1
 Summon Small Mammal      Summ           4%         N/A       36%         1
 Ensorcelled Hibernation  Hex/Ice        2%         N/A       50%         2
 Static Discharge         Conj/Air       1%         N/A       50%         2
 Dispel Undead            Necr           8%         3d8       54%         4
 Ignite Poison            Fire/Tmut/Pois 1%         N/A       75%         3
 Mephitic Cloud           Conj/Pois/Air  1%         N/A       75%         3
 Ozocubu's Armour         Ice            1%         N/A       75%         3
 Swiftness                Air            1%         N/A       75%         3
 Agony                    Necr           8%         N/A       87%         5
 Borgnjor's Vile Clutch   Necr/Erth      3%         N/A       91%         5
 Passage of Golubria      Tloc           1%         N/A       98%         4
 Freezing Cloud           Conj/Ice/Air   0%         6-21      100%        5
 Lightning Bolt           Conj/Air       0%         1d11      100%        5
 Silence                  Hex/Air        0%         N/A       100%        5
 Death Channel            Necr           4%         N/A       100%        6
 Simulacrum               Ice/Necr       2%         N/A       100%        6
 Ozocubu's Refrigeration  Ice            0%         4d5       100%        7
 Lehudib's Crystal Spear  Conj/Erth      2%         10d2      100%        8
 Maxwell's Capacitive Co  Air            0%         ∞         100%        8


Dungeon Overview and Level Annotations

Branches:
Dungeon (9/15)             Temple (1/1) D:5            Lair (3/6) D:9
  Swamp (0/4) Lair:2        Snake (0/4) Lair:2
    Orc: D:9-12

Altars:
Cheibriados
Kikubaaqudgha
Makhleb
Ru
Sif Muna
Uskayaw
Wu Jian
Xom
The Shining One

Shops:
D:3 *


Innate Abilities, Weirdness & Mutations

You have a pair of horns on your head.
You reflexively headbutt those who attack you in melee.


Message History

The 11-headed hydra grows two more!
You hit the 13-headed hydra.
The 13-headed hydra is lightly wounded.
Your +6 long sword "Peytoogy" {spect, Fragile rF+ Will+++ Int+3} hits the 13-headed hydra!
Your +6 long sword "Peytoogy" {spect, Fragile rF+ Will+++ Int+3} chops one of the 13-headed hydra's heads off!
The 12-headed hydra grows two more!
The 14-headed hydra bites you but does no damage.
The 14-headed hydra bites you!
The 14-headed hydra bites you but does no damage.
The 14-headed hydra barely misses you.
The 14-headed hydra completely misses you.
You block the 14-headed hydra's attack. The 14-headed hydra barely misses you.
The 14-headed hydra bites you but does no damage. x2
The 14-headed hydra bites you.
* * * LOW HITPOINT WARNING * * *
The 14-headed hydra bites you!
* * * LOW HITPOINT WARNING * * *
You block the 14-headed hydra's attack. The 14-headed hydra bites you.
* * * LOW HITPOINT WARNING * * *
The 14-headed hydra bites you.
* * * LOW HITPOINT WARNING * * *
You hack one of the 14-headed hydra's heads off!
The 13-headed hydra grows two more!
You slash the 15-headed hydra! You headbutt the 15-headed hydra.
The 15-headed hydra is moderately wounded.
Your +6 long sword "Peytoogy" {spect, Fragile rF+ Will+++ Int+3} hits the 15-headed hydra!
Your +6 long sword "Peytoogy" {spect, Fragile rF+ Will+++ Int+3} lops one of the 15-headed hydra's heads off!
The 14-headed hydra grows two more!
The 16-headed hydra barely misses you. You furiously retaliate!
You headbutt the 16-headed hydra! The 16-headed hydra bites you.
* * * LOW HITPOINT WARNING * * *
The 16-headed hydra bites you but does no damage.
You block the 16-headed hydra's attack. The 16-headed hydra closely misses you.
The 16-headed hydra bites you.
* * * LOW HITPOINT WARNING * * *
The 16-headed hydra misses you. The 16-headed hydra bites you.
* * * LOW HITPOINT WARNING * * *
The 16-headed hydra bites you but does no damage.
The 16-headed hydra bites you!
You die...
Kikubaaqudgha rasps: "You have failed me!
Welcome... death!"

#.#.#.##.##........
#.......†..†P#....P
##...##..##..##P###
##.########.#####
#..# ###### # ##.#
##....### #.##
#........ ##..#
#.#.#.#.. #(@.#
#.#.###.. #PD##
#.#.##... #..#
#........ ##.#
##........ #.#
#.....#... #.#
##P....... #.P
###.#.... #..
#.P.... ####......


You could see a 16-headed hydra and a friendly +6 long sword "Peytoogy" {spect,
Fragile rF+ Will+++ Int+3} (summoned).

Vanquished Creatures
  2 cane toads
  Maggie (D:7)
  2 komodo dragons
  A rime drake (Lair:3)
  An unseen horror (D:8)
  A queen bee (Lair:2)
  A polar bear (Lair:1)
  A hornet (D:9)
  7 blink frogs
  5 yaks (Lair:3)
  A steam dragon (D:8)
  A basilisk (Lair:1)
  3 nagas (Lair:2)
  7 water moccasins
  A swamp drake (Lair:2)
  3 black bears
  An orc warrior (D:9)
  3 sky beasts
  5 centaurs
  A necrophage (D:6)
  A kobold brigand (D:7)
  3 bullfrogs
  A gnoll sergeant (D:9)
  A scorpion (D:4)
  28 killer bees
  28 wights
  2 electric eels (Lair:2)
  2 centaur zombies
  An iron imp (D:3)
  3 orc priests
  4 hounds
  4 jellies
  3 centaur skeletons
  Crazy Yiuf (D:4)
  2 gnoll shamans
  3 iguanas
  5 orc wizards
  2 howler monkey zombies
  16 gnolls
  8 adders
  A white imp (D:4)
  A worm (D:2)
  2 dart slugs
  12 orcs
  5 bats
  7 endoplasms
  4 giant cockroaches
  6 goblins
  10 hobgoblins
  13 jackals
  8 kobolds
  5 quokkas
  6 ball pythons
  4 frilled lizards
  A quokka skeleton (D:4)
  12 rats (D:1)
263 creatures vanquished.

Vanquished Creatures (others)
  7 fungi
  16 plants
23 creatures vanquished.

Grand Total: 286 creatures vanquished

Notes
Turn   | Place    | Note
-------+----------+-------------------------------------------
     0 | D:1      | raph the Minotaur Fighter began the quest for the Orb.
     0 | D:1      | Reached XP level 1. HP: 19/19 MP: 0/0
   110 | D:1      | Reached skill level 3 in Long Blades
   120 | D:1      | Found a faded altar of an unknown god.
   124 | D:1      | Got Plato's Collected Works on Attacks
   127 | D:1      | Prayed at the altar of an unknown god.
   127 | D:1      | Became a worshipper of Kikubaaqudgha
   127 | D:1      | Reached * piety under Kikubaaqudgha
   127 | D:1      | Received a gift from Kikubaaqudgha
   149 | D:1      | Reached XP level 2. HP: 26/26 MP: 1/1
   345 | D:1      | Reached skill level 4 in Long Blades
   414 | D:1      | Reached XP level 3. HP: 26/31 MP: 2/2
   528 | D:1      | Reached ** piety under Kikubaaqudgha
  1181 | D:2      | Reached skill level 5 in Long Blades
  1274 | D:2      | Reached XP level 4. HP: 39/39 MP: 3/3
  1845 | D:3      | Reached skill level 6 in Long Blades
  1931 | D:3      | Found Okkiyq's Assorted Antiques.
  1937 | D:3      | Bought a scroll labelled IGUM QIRAEPN for 29 gold pieces
  2457 | D:3      | Reached XP level 5. HP: 44/45 MP: 4/4
  2461 | D:3      | Reached *** piety under Kikubaaqudgha
  2461 | D:3      | Received a gift from Kikubaaqudgha
  2567 | D:3      | Found a snail-covered altar of Cheibriados.
  2573 | D:3      | Reached skill level 7 in Long Blades
  2900 | D:4      | Found a shimmering altar of Xom.
  3033 | D:4      | Reached XP level 6. HP: 36/51 MP: 5/5
  3141 | D:4      | Reached skill level 8 in Long Blades
  3824 | D:4      | Identified the +6 long sword "Peytoogy" {spect, Fragile rF+
                  | Will+++ Int+3}
  4359 | D:4      | Found a runed translucent door.
  4360 | D:4      | Noticed Crazy Yiuf
  4367 | D:4      | Killed Crazy Yiuf
  4649 | D:5      | Entered Level 5 of the Dungeon
  4653 | D:5      | Reached skill level 9 in Long Blades
  4653 | D:5      | Reached XP level 7. HP: 56/57 MP: 6/6
  4771 | D:5      | Found a staircase to the Ecumenical Temple.
  4831 | D:5      | Reached skill level 10 in Long Blades
  5127 | D:5      | Reached skill level 11 in Long Blades
  5298 | D:5      | Reached XP level 8. HP: 64/64 MP: 7/7
  5560 | Temple   | Entered the Ecumenical Temple
  6194 | D:6      | Reached skill level 12 in Long Blades
  6386 | D:6      | Found an ancient bone altar of Kikubaaqudgha.
  6394 | D:6      | Found an ornate altar of the Wu Jian Council.
  6396 | D:6      | Found a glowing golden altar of the Shining One.
  6696 | D:3      | Bought a scroll of enchant armour for 217 gold pieces
  6961 | D:7      | Reached skill level 13 in Long Blades
  7239 | D:7      | Noticed Maggie
  7244 | D:7      | Killed Maggie
  7309 | D:7      | Learned a level 1 spell: Animate Skeleton
  7480 | D:7      | Reached skill level 14 in Long Blades
  7480 | D:7      | Reached XP level 9. HP: 58/71 MP: 8/8
  7546 | D:7      | Reached **** piety under Kikubaaqudgha
  7766 | D:8      | Reached skill level 1 in Dodging
  7773 | D:8      | Reached skill level 1 in Necromancy
  7775 | D:8      | Reached skill level 1 in Spellcasting
  8109 | D:8      | Found a burning altar of Makhleb.
  8114 | D:8      | Reached skill level 5 in Armour
  8115 | D:8      | Reached skill level 5 in Fighting
  8411 | D:8      | Killed an unseen horror
  8725 | D:9      | Reached XP level 10. HP: 67/80 MP: 12/12
  9128 | D:9      | Found a staircase to the Lair.
  9212 | D:9      | Learned a level 3 spell: Vampiric Draining
  9217 | D:9      | Learned a level 4 spell: Animate Dead
  9288 | D:9      | Learned a level 2 spell: Passwall
  9338 | D:9      | Identified the ring "Deit" {rN+ Str+5 Dex-2}
  9360 | D:9      | Identified the ring of Iheujat {rN+ Str+2}
  9466 | D:9      | Found a sacrificial altar of Ru.
  9512 | Lair:1   | Entered Level 1 of the Lair of Beasts
  9845 | Lair:1   | Reached skill level 1 in Earth Magic
  9858 | Lair:1   | Reached skill level 5 in Dodging
 10291 | Lair:1   | Noticed a cane toad
 10295 | Lair:1   | Killed a cane toad
 10541 | Lair:2   | Reached ***** piety under Kikubaaqudgha
 10558 | Lair:2   | Found a staircase to the Snake Pit.
 10559 | Lair:2   | Noticed a cane toad
 10568 | Lair:2   | Killed a cane toad
 10569 | Lair:2   | Reached XP level 11. HP: 57/92 MP: 15/15
 10901 | Lair:2   | Found a staircase to the Swamp.
 12225 | Lair:2   | Identified the +0 robe of Gullodef {Rampage Dex+3}
 12381 | Lair:3   | Reached skill level 5 in Shields
 12634 | Lair:3   | Noticed a four-headed hydra
 12644 | Lair:3   | Slain by a 16-headed hydra

Illustrated notes

Levels and vault maps discovered:
D:1:      saegor_arrival_simple_b, layout_loops_ring,
          shapermc_ecumenical_altar_rom_forum, minmay_rat_gold_closets
D:2:      layout_loops_ring, chequers_serial_rivers_small_b
D:3:      layout_loops_ring, slow_altar_1, serial_shops,
          nicolae_shop_hallway_plus
D:4:      layout_layer_cave, xom_teletrap_fun, uniq_crazy_yiuf_cottage
D:5:      layout_cave_pods, minmay_temple_entry_arrows, eino_tiny_chamber
D:6:      layout_basic, grunt_temple_overflow_diamond
D:7:      layout_gridville, minivault_11, kennysheep_generic_room_4, uniq_maggie
D:8:      layout_cave_pools, mainiacjoe_overflow_alcove_4
D:9:      layout_basic, nicolae_ru_the_path_less_chosen, lair_entry_dummy
Temple:   dpeg_chambers_temple
Lair:1:   layout_regular_city, chequers_serial_rivers_large_a
Lair:2:   layout_roguey [special_room_bee], minmay_swamp_entry_reptiles,
          minmay_snake_entry_guardpost_small, serial_bayou_shore_a
Lair:3:   lemuel_reptile_caves, layout_loops_ring, lemuel_fruit_tree

Skill      XL: |  1  2  3  4  5  6  7  8  9 10 11 |
---------------+----------------------------------+-----
Long Blades    | 3 4 5 6 7 9 11 14 | 14.0
Fighting       | 5 7 |  7.8
Armour         | 5 7 |  7.8
Dodging        | 3 5 6 |  6.2
Necromancy     | 2 3 4 |  4.3
Spellcasting   | 2 3 |  3.8
Earth Magic    | 2 3 |  3.2
Shields        | 4 5 |  5.2

Action                   |  1- 3 |  4- 6 |  7- 9 | 10-12 || total
-------------------------+-------+-------+-------+-------++-------
Melee: Long sword        |    78 |     5 |   141 |   205 ||   429
       Headbutt          |    11 |    21 |    16 |    38 ||    86
       Scimitar          |    17 |   126 |       |       ||   143
Throw: Dart              |       |       |       |     1 ||     1
 Cast: Animate Skeleton  |       |       |       |     7 ||     7
  Use: Scroll            |     2 |     5 |    10 |     5 ||    22
       Potion            |       |       |     1 |     1 ||     2
 Stab: Distracted        |       |       |     1 |     1 ||     2
       Sleeping          |       |       |     1 |       ||     1
Armor: Scale mail        |    39 |    29 |       |       ||    68
       Chain mail        |       |    50 |    25 |       ||    75
       Steam dragon scal |       |       |    25 |    57 ||    82
Dodge: Dodged            |    32 |    50 |    48 |   182 ||   312
Block: Buckler           |    18 |    27 |    33 |    49 ||   127
